Map: Catalyst LE

Players

HateMe - Winner!

  • Race: Zerg Zerg
  • Spawn Location: 5:00

Nice

  • Race: Protoss Protoss
  • Spawn Location: 11:00

Event: WCS Valencia 2018

VOD

Have the link to the VOD?

Description

Time

  • Played on: July 12, 2018, 7:41 a.m.
  • Length: 6:52

All games in this series

Show
View Real Time Build Order
Export as new Build Order

HateMe Zerg - Winner!

Build Orders: Hatch First 

Get SALT Encoding   

  12  0:01  Drone  
  13  0:13  Overlord  
  13  0:17  Drone  
  14  0:31  Drone  
  14  0:32  Drone  
  14  0:35  Drone  
  17  0:51  Hatchery  
  17  0:55  Drone  
  17  0:58  Drone  
  17  1:00  Extractor  
  17  1:13  Spawning Pool  
  17  1:17  Drone  
  17  1:20  Drone  
  18  1:28  Drone  
  19  1:39  Overlord  
  19  1:49  Drone  
  20  2:00  Queen  
  22  2:02  Zergling x2, Metabolic Boost  
  22  2:04  Queen  
  22  2:08  Zergling x2  
  26  2:13  Zergling x2  
  27  2:16  Zergling x2  
  27  2:22  Drone  
  29  2:25  Drone  
  30  2:36  Hatchery  
  29  2:38  Drone  
  30  2:47  Queen  
  30  2:49  Drone  
  33  2:53  Drone  
  33  2:54  Drone  
  33  2:58  Drone  
  36  3:07  Overlord  
  36  3:18  Drone  
  34  3:27  Overlord  
  34  3:28  Queen  
  34  3:31  Drone x2  
  38  3:39  Drone x2  
  38  3:40  Drone  
  41  3:42  Lair  
  41  3:44  Drone x2  
  41  3:46  Drone x2  
  41  3:47  Drone  
  45  3:49  Drone  
  45  3:53  Overlord  
  47  3:55  Drone  
  47  4:05  Evolution Chamber  
  47  4:07  Drone x5  
  51  4:15  Overlord, Baneling Nest  
  50  4:20  Spore Crawler  
  50  4:21  Spore Crawler  
  50  4:22  Spore Crawler, Drone  
  50  4:23  Drone  
  49  4:26  Drone x2  
  49  4:28  Drone  
  49  4:30  Drone  
  53  4:33  Drone x2  
  55  4:40  Hydralisk Den, Drone x2  
  56  4:46  Extractor  
  56  4:47  Extractor  
  56  4:49  Extractor  
  56  4:50  Drone  
  56  4:51  Drone x6  
  61  4:52  Drone  
  61  4:53  Drone  
  61  4:56  Drone  
  61  4:58  Extractor  
  62  5:07  Overlord  
  62  5:08  Overlord  
  62  5:16  Zergling x14  
  69  5:28  Muscular Augments  
  69  5:29  Overlord x2  
  69  5:31  Zergling x8  
  69  5:32  Zergling x6  
  76  5:36  Spore Crawler, Drone  
  76  5:38  Zergling x6  
  76  5:43  Zergling x2  
  76  5:47  Zergling x2  
  76  5:49  Zergling x2  
  78  5:50  Zergling x2  
  78  5:54  Zergling x6  
  80  5:59  Zergling x4  
  80  6:00  Zergling x6  
  85  6:10  Zergling x10  
  89  6:15  Spore Crawler  
  89  6:16  Spore Crawler  
  89  6:18  Spore Crawler  
  83  6:22  Zergling x6  
  81  6:27  Zergling x2  
  81  6:28  Zergling x6  
  81  6:29  Zergling x2  
  83  6:33  Zergling x2  
Show
View Real Time Build Order
Export as new Build Order

Nice Protoss 

Build Orders: Nexus First, Phoenix Opening, Mass Phoenix 

Get SALT Encoding   

  12  0:00  Probe  
  13  0:12  Probe  
  14  0:20  Pylon  
  14  0:24  Probe  
  15  0:34  Probe  
  16  0:42  Probe  
  17  0:59  Probe  
  17  1:01  Nexus  
  18  1:07  Probe  
  19  1:16  Probe  
  19  1:19  Gateway  
  19  1:23  Assimilator  
  20  1:28  Probe  
  20  1:31  Assimilator  
  21  1:40  Probe  
  22  1:49  Gateway  
  22  1:52  Probe  
  23  2:11  Probe  
  23  2:13  Cybernetics Core, Probe  
  25  2:19  Probe  
  25  2:20  Pylon  
  25  2:25  Zealot, Probe  
  25  2:29  Probe  
  30  2:37  Probe  
  30  2:41  Probe  
  32  2:49  Probe  
  33  2:51  Stargate  
  33  2:52  Stalker  
  33  2:53  Probe  
  33  2:55  Warp Gate  
  36  3:03  Shield Battery, Probe  
  37  3:09  Probe  
  38  3:16  Stalker  
  38  3:17  Probe  
  41  3:21  Probe  
  42  3:29  Probe  
  44  3:35  Assimilator  
  44  3:37  Phoenix  
  44  3:38  Probe, Assimilator  
  44  3:41  Probe  
  46  3:44  Pylon  
  46  3:56  Pylon  
  46  3:58  Phoenix  
  46  4:02  Probe x2  
  48  4:09  Stargate  
  50  4:14  Probe x2  
  50  4:16  Pylon  
  52  4:17  Phoenix  
  52  4:26  Probe  
  52  4:27  Probe  
  52  4:30  Pylon  
  56  4:36  Phoenix  
  56  4:38  Probe  
  56  4:42  Probe  
  56  4:43  Robotics Facility  
  56  4:45  Phoenix  
  60  4:48  Pylon  
  60  4:54  Pylon  
  60  4:55  Probe  
  60  4:58  Probe  
  64  5:02  Phoenix  
  66  5:12  Phoenix  
  68  5:17  Pylon  
  69  5:24  Nexus  
  68  5:30  Pylon  
  68  5:34  Phoenix  
  70  5:37  Phoenix  
  72  5:52  Robotics Bay  
  72  5:55  Forge  
  70  5:58  Observer  
  70  5:59  Phoenix  
  70  6:02  Pylon  
  71  6:06  Phoenix  
  71  6:08  Zealot x2  
  76  6:13  Pylon  
  74  6:24  Phoenix  
  74  6:28  Zealot x2  
Tags
 
Add a new tag
Caveats
  • Supply blocks, unpowered buildings, or Contaminate may cause inaccurate times.
  • Supply counts are checked every 10 seconds.